 Dungeon Crawl Stone Soup version 0.24-a0-439-g6dd8730de2 (webtiles) character file.

Game seed: 11886430227431941565

11253 emperorscorpion the Cleaver (level 11, -2/104 HPs)
             Began as a Deep Dwarf Berserker on June 17, 2019.
             Was an Elder of Trog.
             Slain by a hell hound (4 damage)
             ... led by Azrael
             ... on level 13 of the Dungeon.
             The game lasted 00:30:42 (1984 turns).

emperorscorpion the Cleaver (Deep Dwarf Berserker)  Turns: 1984, Time: 00:30:42

Health: -2/104     AC: 17    Str: 23    XL:     11   Next: 46%
Magic:  8/8        EV: 10    Int: 17    God:    Trog [****..]
Gold:   65         SH:  0    Dex: 12    Spells: 10/10 levels left

rFire    . . .     SeeInvis .   a - +0 battleaxe
rCold    . . .     Gourm    .   (shield currently unavailable)
rNeg     . . .     Faith    +   e - +0 chain mail
rPois    .         Spirit   .   x - +0 helmet {Int+3}
rElec    +         Reflect  .   (no cloak)
rCorr    .         Harm     .   o - +0 pair of gloves
MR       +....                  (no boots)
Stlth    ..........             r - amulet of Doubts {Faith *Contam rElec Int+5}
HPRegen  0.00/turn              f - +4 ring of protection
MPRegen  0.11/turn              (no ring)

@: non-regenerating
A: damage resistance, heal wounds, sense surroundings 2, no regeneration
a: Heal Wounds, Berserk, Trog's Hand, Brothers in Arms, Renounce Religion


You were on level 13 of the Dungeon.
You worshipped Trog.
Trog was greatly pleased with you.
You were not hungry.

You visited 1 branch of the dungeon, and saw 13 of its levels.
You also visited: Gauntlet.

You collected 233 gold pieces.
You spent 168 gold pieces at shops.

Inventory:

Hand Weapons
 a - a +0 battleaxe (weapon)
 b - a +2 hand crossbow of flaming
 d - a +2 whip of freezing
 j - a +0 hand axe
Missiles
 g - 12 poisoned darts (quivered)
 h - a throwing net
 l - 5 boomerangs
 m - 18 silver javelins
 q - 4 atropa-tipped darts
Armour
 e - a +0 chain mail (worn)
 o - a +0 pair of gloves (worn)
 s - a +0 plate armour
 w - a +1 animal skin
 x - a +0 helmet of intelligence (worn)
Jewellery
 f - a +4 ring of protection (left hand)
 r - the amulet of Doubts (around neck) {Faith *Contam rElec Int+5}
   (You found it in a Gauntlet)

   [amulet of faith]

   It allows you to gain divine favour quickly.
   It affects your intelligence (+5).
   It insulates you from electricity.
   It causes magical contamination when unequipped.
Wands
 k - a wand of iceblast (3)
 v - a wand of polymorph (5)
Scrolls
 p - a scroll of enchant armour
 t - 2 scrolls of teleportation
Potions
 i - a potion of might
 n - 3 potions of brilliance
 z - a potion of heal wounds {unknown}
 B - a potion of curing {unknown}
Miscellaneous
 u - a phial of floods
 y - a crystal ball of energy
Comestibles
 c - 6 rations
 A - 4 chunks of flesh


   Skills:
 + Level 8.6 Fighting
 + Level 14.0 Axes
 + Level 2.4 Throwing
 + Level 7.8 Armour
 + Level 4.9 Dodging
 + Level 0.1 Stealth
 * Level 4.8 Evocations


You had 10 spell levels left.
You didn't know any spells.
Your spell library contained the following spells:

 Spells                   Type           Power        Failure   Level  Hunger
 Flame Tongue             Conj/Fire      #....        83%         1    ##.....
 Throw Flame              Conj/Fire      #.....       92%         2    ###....
 Conjure Flame            Conj/Fire      #.......     99%         3    ####...
 Inner Flame              Hex/Fire       #.......     99%         3    ####...
 Sticky Flame             Conj/Fire      #.......     100%        4    #####..
 Summon Lightning Spire   Summ/Air       #.......     100%        4    #####..
 Fireball                 Conj/Fire      #.........   100%        5    ######.
 Silence                  Hex/Air        #.........   100%        5    ######.
 Conjure Ball Lightning   Conj/Air       #.........   100%        6    #######
 Deflect Missiles         Chrm/Air       #.........   100%        6    #######
 Tornado                  Air            #.........   100%        9    #######


Dungeon Overview and Level Annotations

Branches:
Dungeon (13/15)
 Temple: D:4-7         Lair: D:8-11         Orc: D:9-12      Vaults: D:13-14

Altars:
The Shining One

Shops:
D:5 *   D:11 *

Annotations:
D:3 Sigmund


Innate Abilities, Weirdness & Mutations

You are resistant to damage.
You can heal yourself by infusing magical energy.
You passively map the area around you.
You do not regenerate.


Message History

The hell hound is almost dead.
The hell hound bites you but does no damage. x2
You closely miss the hell hound.
The hell hound is almost dead.
You feel yourself speed up.
You recover from your berserk rage.
The hell hound bites you.
* * * LOW HITPOINT WARNING * * *
The hell hound barely misses you.
You closely miss the hell hound.
The hell hound is almost dead.
The hell hound closely misses you.
The hell hound bites you but does no damage.
You miss the hell hound.
The hell hound is severely wounded.
The hell hound bites you but does no damage.
A wight comes into view. It is wielding a +4 mace of freezing.
You hit the hell hound.
The hell hound is almost dead.
The hell hound bites you.
You die...

#.###.#.# ## *
#...#.#.# , ,
....#######.#.#
#...'.)...#.# *
#####.#.###.# *
#.#.#...# ,
#.###.### *
#.......#
###@##### #h# *
, #S# * * ,, **
.z. * * , z.. ,
,, ,..... * , ,
, ..... , , ,,
....... + , , ,
,


You could see a water moccasin, a hell hound and 2 wights.

Vanquished Creatures
  A minotaur (Gauntlet)
  Josephine (D:13)
  Pikel (D:4)
  A worldbinder (Gauntlet)
  An ugly thing (D:13)
  A cyclops (D:11)
  A torpor snail (Gauntlet)
  2 tengu conjurers (Gauntlet)
  2 hippogriffs
  3 wraiths (D:13)
  A human (shapeshifter) (Gauntlet)
  8 yaks
  A golden eye (shapeshifter) (Gauntlet)
  A fire elemental (D:13)
  A hungry ghost (D:9)
  2 sky beasts
  2 slaves (D:4)
  2 orc warriors
  A black bear (D:7)
  3 phantoms
  An eye of draining (D:11)
  3 necrophages
  2 boggarts (Gauntlet)
  3 ogres (D:5)
  A centaur (D:8)
  2 bullfrogs
  A gnoll sergeant (D:8)
  A scorpion (D:5)
  9 killer bees (D:7)
  A wight (D:13)
  A crimson imp (D:4)
  6 orc wizards
  A gnoll shaman (D:5)
  A bullfrog skeleton (D:5)
  3 centaur skeletons
  3 orc priests
  A jelly (D:8)
  An iguana (D:11)
  5 worker ants
  A hound zombie (D:4)
  2 howler monkey zombies (D:5)
  A worker ant zombie (D:5)
  5 adders
  13 gnolls
  A shadow imp (D:9)
  A worm (D:3)
  20 orcs
  2 ball pythons
  3 bats
  4 giant cockroaches
  2 hobgoblins
  3 jackals (D:3)
  2 kobolds (D:3)
  2 quokkas
  A frilled lizard (D:2)
  A goblin (D:3)
  A goblin skeleton (D:4)
  5 hobgoblin zombies (D:4)
  A kobold zombie (D:4)
  3 orc skeletons (D:4)
  A quokka skeleton (D:4)
  A rat (D:2)
  A fungus (Gauntlet)
  2 plants (Gauntlet)
161 creatures vanquished.

Vanquished Creatures (collateral kills)
  Azrael (D:13)
  A tengu warrior (Gauntlet)
  An ugly thing (D:11)
  A fire elemental (D:13)
  A hungry ghost (D:13)
  4 hell hounds (D:13)
  A boggart (Gauntlet)
  An orc (D:11)
11 creatures vanquished.

Vanquished Creatures (others)
  2 plants (Gauntlet)
2 creatures vanquished.

Grand Total: 174 creatures vanquished

Notes
Turn   | Place    | Note
-------+----------+-------------------------------------------
     0 | D:1      | emperorscorpion the Deep Dwarf Berserker began the quest
                  | for the Orb.
     0 | D:1      | Reached XP level 1. HP: 20/20 MP: 1/1
    91 | D:2      | Reached XP level 2. HP: 28/28 MP: 2/2
   155 | D:3      | Reached skill level 4 in Axes
   155 | D:3      | Reached XP level 3. HP: 20/34 MP: 3/3
   155 | D:3      | Reached XP level 4. HP: 24/42 MP: 4/4
   170 | D:3      | Noticed Sigmund
   260 | D:4      | Reached ** piety under Trog
   283 | D:4      | Reached XP level 5. HP: 36/49 MP: 5/5
   292 | D:4      | Found a glowing golden altar of the Shining One.
   348 | D:4      | Reached skill level 5 in Axes
   364 | D:4      | Noticed a necrophage
   389 | D:4      | Killed a necrophage
   389 | D:4      | Reached XP level 6. HP: 23/53 MP: 6/6
   478 | D:4      | Noticed a slave
   503 | D:4      | Killed a slave
   526 | D:4      | Noticed a slave
   527 | D:4      | Noticed Pikel
   527 | D:4      | Noticed a slave
   527 | D:4      | Noticed a slave
   547 | D:4      | Killed Pikel
   547 | D:4      | Reached skill level 7 in Axes
   547 | D:4      | Reached XP level 7. HP: 19/62 MP: 7/7
   578 | D:5      | Entered Level 5 of the Dungeon
   596 | D:5      | Found Fihukud's General Store.
   627 | D:5      | Bought a wand of iceblast (5) for 126 gold pieces
   681 | D:5      | Reached skill level 8 in Axes
   681 | D:5      | Reached XP level 8. HP: 36/73 MP: 8/8
   706 | D:5      | Reached skill level 5 in Fighting
   735 | D:5      | Reached skill level 1 in Throwing
   737 | D:5      | Reached *** piety under Trog
   776 | D:5      | Reached skill level 9 in Axes
   946 | D:6      | Reached skill level 5 in Armour
   967 | D:7      | Reached skill level 10 in Axes
   967 | D:7      | Gained mutation: You passively map the area around you.
                  | [Deep Dwarf growth]
   967 | D:7      | Reached XP level 9. HP: 53/80 MP: 9/9
  1005 | D:7      | Received a gift from Trog
  1050 | D:7      | Reached skill level 11 in Axes
  1078 | D:9      | Reached **** piety under Trog
  1203 | D:9      | Reached skill level 12 in Axes
  1215 | D:9      | Reached XP level 10. HP: 42/92 MP: 9/9
  1226 | D:10     | Entered Level 10 of the Dungeon
  1293 | D:11     | Found Gyssiepe's General Store.
  1298 | D:11     | Bought a scroll of teleportation for 42 gold pieces
  1321 | D:11     | Noticed a cyclops
  1334 | D:11     | Killed a cyclops
  1362 | D:11     | Noticed a brown ugly thing
  1368 | D:11     | Killed a brown ugly thing
  1431 | D:11     | Found a gate leading to a gauntlet.
  1437 | Gauntlet | Entered a Gauntlet
  1437 | Gauntlet | Found a transporter.
  1437 | Gauntlet | Found a transporter.
  1437 | Gauntlet | Found a transporter.
  1437 | Gauntlet | Noticed a torpor snail
  1440 | Gauntlet | Noticed a death yak
  1441 | Gauntlet | Noticed a death yak
  1442 | Gauntlet | Noticed a death yak
  1452 | Gauntlet | Noticed a torpor snail
  1452 | Gauntlet | Found a transporter.
  1479 | Gauntlet | Killed a torpor snail
  1481 | Gauntlet | Found a transporter.
  1509 | Gauntlet | Noticed a tengu warrior
  1509 | Gauntlet | Found a transporter.
  1510 | Gauntlet | Found a transporter.
  1524 | Gauntlet | Reached skill level 13 in Axes
  1538 | Gauntlet | Killed a tengu warrior
  1561 | Gauntlet | Noticed a worldbinder
  1561 | Gauntlet | Found a transporter.
  1562 | Gauntlet | Found a transporter.
  1567 | Gauntlet | Reached skill level 1 in Evocations
  1575 | Gauntlet | Noticed a spiny frog
  1579 | Gauntlet | Killed a worldbinder
  1592 | Gauntlet | Got a translucent graven amulet
  1593 | Gauntlet | Identified the amulet of Doubts {Faith *Contam rElec Int+5}
                  | (You found it in a Gauntlet)
  1618 | Gauntlet | Found a transporter.
  1622 | Gauntlet | Noticed a spiny frog
  1625 | Gauntlet | a spiny frog changed into a human
  1639 | Gauntlet | Found a transporter.
  1645 | Gauntlet | Noticed a minotaur
  1665 | Gauntlet | Killed a minotaur
  1665 | Gauntlet | Reached XP level 11. HP: 58/103 MP: 7/9
  1781 | D:12     | Noticed a white ugly thing
  1799 | D:13     | Killed a white ugly thing
  1924 | D:13     | Noticed Josephine
  1933 | D:13     | Killed Josephine
  1947 | D:13     | Noticed Azrael
  1960 | D:13     | Killed Azrael
  1960 | D:13     | Reached skill level 14 in Axes
  1979 | D:13     | HP: 5/104 [hell hound/blast of flame[Azrael] (9)]
  1981 | D:13     | HP: 2/104 [hell hound[Azrael] (3)]
  1984 | D:13     | Slain by a hell hound

Levels and vault maps discovered:
D:1:      lightli_arrival_statue_moat, layout_basic, serial_forest,
          infiniplex_forest_straight_5, infiniplex_forest_clump_small,
          infiniplex_forest_lined_corner, infiniplex_forest_straight_2,
          infiniplex_forest_clump_long, infiniplex_forest_zigzag_1
D:2:      layout_loops_ring, first_ration, minmay_tetromino_i4
D:3:      layout_basic, uniq_jessica, uniq_sigmund, uniq_robin
D:4:      layout_cave_pods, nicolae_tso_besieged_by_evil,
          minmay_temple_entry_trees, serial_undead, serial_undead_e,
          serial_undead_b, serial_undead_b, serial_undead_e, uniq_pikel,
          uniq_natasha, uniq_menkaure
D:5:      layout_cave_pools, kennysheep_mini, marbit_many_paths,
          gammafunk_ghost_cemetery, serial_shops, shop_coins,
          nicolae_shop_statue_plus, shop_fountains
D:6:      layout_gridville, elyvilon_altar_1
D:7:      layout_basic, kennysheep_generic_room_4, uniq_harold
D:8:      layout_cave_pools, grunt_qazlal_clouds, enter_ossuary_1, st_stairs_5
D:9:      layout_rooms, nicolae_overflow_hidden_temple
D:10:     layout_basic, erik_lair_orcish_takeover, david_orc_3, grunt_pizzeria,
          minivault_26, pond
D:11:     layout_long_grid, serial_shops, kennysheep_little_box,
          gauntlet_entry_generic
D:12:     layout_stronghold, serial_shops, bzr_entry_gold,
          minmay_guarded_unrand_resistance, uniq_rupert
D:13:     layout_roguey, uniq_azrael, uniq_josephine

Skill      XL: |  1  2  3  4  5  6  7  8  9 10 11 |
---------------+----------------------------------+-----
Fighting       | 3 4 5 6 8 |  8.6
Axes           | 4 5 7 8 10 12 13 14 | 14.0
Dodging        | 3 4 |  4.9
Armour         | 4 5 6 7 |  7.8
Throwing       | 1 2 |  2.4
Evocations     | 2 4 |  4.8
Stealth        | |  0.1

Action                   |  1- 3 |  4- 6 |  7- 9 | 10-12 || total
-------------------------+-------+-------+-------+-------++-------
Melee: Hand axe          |    27 |   107 |       |       ||   134
       Battleaxe         |       |    23 |   196 |   170 ||   389
Throw: Dart              |       |       |     4 |     5 ||     9
Invok: Berserk           |     2 |     4 |     7 |     8 ||    21
       Brothers in Arms  |       |       |       |     4 ||     4
       Trog's Hand       |       |       |       |     1 ||     1
 Abil: Heal Wounds       |       |     1 |     5 |    14 ||    20
Evoke: Wand              |       |       |     2 |       ||     2
  Use: Scroll            |     4 |     2 |       |     3 ||     9
       Potion            |       |       |       |     3 ||     3
 Stab: Distracted        |       |       |     1 |       ||     1
  Eat: Chunk             |       |     3 |    11 |    11 ||    25
       Ration            |       |       |     2 |       ||     2
Armor: Animal skin       |    10 |     5 |       |       ||    15
       Chain mail        |       |    73 |   201 |   127 ||   401
Dodge: Dodged            |    37 |    82 |   160 |    87 ||   366

Table legend:
 A = Non-vault XP
 B = Vault XP
 C = Vault XP percentage of total XP
 D = Non-vault monster count
 E = Vault monster count
 F = Vault count percentage of total count
                 A         B        C        D         E       F
            +---------+---------+-------+---------+---------+-------
      Total |    7581 |    8496 |  52.8 |     128 |      39 |  23.4
            +---------+---------+-------+---------+---------+-------
        D:1 |       4 |       0 |   0.0 |       2 |       0 |   0.0
        D:2 |      21 |       0 |   0.0 |       6 |       0 |   0.0
        D:3 |     116 |       0 |   0.0 |      16 |       0 |   0.0
        D:4 |     213 |     739 |  77.6 |       8 |      13 |  61.9
        D:5 |    1208 |       0 |   0.0 |      31 |       0 |   0.0
        D:6 |     216 |       0 |   0.0 |       6 |       0 |   0.0
        D:7 |     972 |       0 |   0.0 |      17 |       0 |   0.0
        D:8 |     378 |     262 |  40.9 |       6 |       1 |  14.3
        D:9 |    1555 |       0 |   0.0 |      15 |       0 |   0.0
       D:11 |    1640 |       0 |   0.0 |      11 |       0 |   0.0
       D:12 |     415 |       0 |   0.0 |       2 |       0 |   0.0
       D:13 |     843 |    2932 |  77.7 |       8 |      11 |  57.9
   Gauntlet |       0 |    4563 | 100.0 |       0 |      14 | 100.0
            +---------+---------+-------+---------+---------+-------
